Map: Goldenaura LE

Players

Data - Winner!

  • Race: Zerg Zerg
  • Spawn Location: 12:00

VOD

Have the link to the VOD?

Description

Time

  • Played on: March 26, 2024, 8:07 a.m.
  • Length: 12:16
Show
View Real Time Build Order
Export as new Build Order

Data Zerg - Winner!

Build Orders:  

Get SALT Encoding   

  12  0:01  Drone  
  13  0:17  Overlord  
  13  0:24  Drone  
  14  0:42  Drone  
  14  0:43  Drone  
  14  0:47  Drone  
  17  0:52  Extractor  
  16  1:02  Drone  
  17  1:15  Spawning Pool  
  16  1:22  Drone  
  17  1:34  Drone  
  18  2:00  Hatchery  
  18  2:05  Drone  
  18  2:09  Drone  
  19  2:25  Queen  
  21  2:45  Overlord  
  21  2:54  Zergling x2  
  22  3:16  Zergling x4  
  24  3:26  Metabolic Boost  
  24  3:29  Drone  
  25  3:33  Drone  
  26  3:43  Drone  
  26  3:49  Drone  
  28  3:56  Drone  
  28  3:57  Queen  
  31  4:02  Overlord  
  31  4:04  Drone x2  
  31  4:08  Drone  
  34  4:29  Drone x2  
  36  4:30  Drone  
  36  4:35  Drone  
  36  4:38  Lair  
  38  4:50  Drone x2  
  38  4:55  Extractor  
  38  4:57  Extractor  
  38  4:59  Extractor, Drone  
  38  5:16  Drone x2  
  38  5:19  Overlord  
  40  5:20  Drone x2  
  42  5:44  Overlord  
  42  5:48  Drone x2  
  42  5:49  Drone x2  
  46  5:50  Hydralisk Den  
  46  5:51  Drone x3  
  48  6:05  Overseer  
  48  6:09  Overlord  
  48  6:19  Pneumatized Carapace  
  48  6:26  Overlord x2  
  48  6:30  Drone  
  48  6:37  Drone x2  
  51  6:42  Overlord x3  
  51  7:00  Overlord  
  51  7:01  Overlord  
  51  7:07  Overlord  
  51  7:15  Hydralisk  
  51  7:16  Hydralisk x4  
  61  7:37  Hydralisk  
  61  7:38  Hydralisk x3  
  61  7:39  Hydralisk  
  71  8:04  Unknown  
  71  8:12  Hydralisk x4  
  71  8:13  Hydralisk x3  
  85  8:26  Drone x2  
  87  8:31  Evolution Chamber  
  87  8:33  Evolution Chamber  
  87  8:36  Overlord  
  87  8:37  Overlord  
  85  8:49  Hydralisk  
  54  8:50  Hydralisk  
  89  9:14  Unknown  
  89  9:18  Zerg Missile Weapons Level 1, Zerg Ground Armor Level 1  
  89  9:23  Hydralisk  
  89  9:24  Hydralisk x3  
  89  9:28  Zergling x4  
  89  9:29  Zergling x4  
  98  10:14  Hydralisk  
  98  10:15  Hydralisk x6  
  98  10:16  Hydralisk  
  110  10:42  Hydralisk  
  110  10:43  Hydralisk x3  
  116  11:31  Hydralisk x4  
  116  11:32  Hydralisk x2  
Tags
 
Add a new tag
Caveats
  • Supply blocks, unpowered buildings, or Contaminate may cause inaccurate times.
  • Supply counts are checked every 10 seconds.